 Dungeon Crawl Stone Soup version 0.19.0-2-gae57169 (webtiles) character file.

2667 nikopol the Cleaver (level 9, -1/80 HPs)
             Began as a Hill Orc Berserker on Nov 5, 2016.
             Was an Elder of Trog.
             Slain by nikopol's ghost (4 damage)
             ... on level 8 of the Dungeon.
             The game lasted 00:17:32 (8138 turns).

nikopol the Cleaver (Hill Orc Berserker)            Turns: 8138, Time: 00:17:32

Health: -1/80      AC:  9    Str: 21    XL:     9   Next: 63%
Magic:  9/9        EV: 13    Int:  7    God:    Trog [****..]
Gold:   462        SH:  0    Dex: 12    Spells: 0 memorised, 8 levels left

rFire  . . .     SeeInvis .     a - +0 war axe
rCold  . . .     Gourm    .     w - +0 ring mail (curse)
rNeg   . . .     Faith    .     (no shield)
rPois  .         Spirit   .     (no helmet)
rElec  .         Reflect  .     (no cloak)
rCorr  .         Harm     .     (no gloves)
MR     .....     Rnd*Tele +     C - +2 pair of boots
Stlth  +.........               (no amulet)
                                (no ring)
                                j - ring of teleportation (curse)

@: exhausted, slowed, very slow
A: no striking features
a: Berserk, Trog's Hand, Brothers in Arms, Burn Spellbooks, Renounce Religion


You were on level 8 of the Dungeon.
You worshipped Trog.
Trog was greatly pleased with you.
You were hungry.

You visited 1 branch of the dungeon, and saw 8 of its levels.

You collected 462 gold pieces.

Inventory:

Hand Weapons
 a - a +0 war axe (weapon)
 y - a +0 hand axe
 z - a +0 shortbow of flaming
 R - a +0 shortbow
Missiles
 p - 49 arrows (quivered)
Armour
 b - a +0 animal skin
 m - a +0 ring mail
 w - a cursed +0 ring mail (worn)
 C - a +2 pair of boots (worn)
 H - a +0 scale mail
Jewellery
 j - a cursed ring of teleportation (left hand)
Wands
 E - a wand of flame (29/48)
 K - a wand of enslavement (3/24)
Scrolls
 d - a scroll of immolation {unknown}
 f - 7 scrolls of identify {unknown}
 g - a scroll of amnesia {unknown}
 h - 3 scrolls of enchant armour {unknown}
 k - a scroll of remove curse {unknown}
 o - 2 scrolls of teleportation {unknown}
 q - 3 scrolls of fog {unknown}
 s - 4 scrolls of magic mapping {unknown}
 t - a scroll of random uselessness {unknown}
 v - a scroll of recharging {unknown}
 B - a scroll of fear {unknown}
 F - a scroll of blinking {unknown}
 J - a scroll of noise {unknown}
Potions
 e - 3 potions of flight {unknown}
 i - 5 potions of curing {unknown}
 n - 2 potions of heal wounds {unknown}
 r - a potion of resistance {unknown}
 x - a potion of invisibility {unknown}
 A - 2 potions of magic {unknown}
 D - a potion of brilliance {unknown}
 I - a potion of cancellation {unknown}
 M - a potion of lignification {unknown}
 N - a potion of berserk rage {unknown}
 O - a potion of agility {unknown}
 P - a potion of might {unknown}
Comestibles
 c - 7 bread rations
 l - 6 meat rations
 u - 3 fruits
 G - 2 beef jerkies
 L - a slice of pizza


   Skills:
 + Level 7.7 Fighting
 * Level 9.5 Axes
 * Level 3.8 Bows
 + Level 6.9 Armour
 + Level 4.9 Dodging


You had 8 spell levels left.
You didn't know any spells.

Dungeon Overview and Level Annotations

Branches:
Dungeon (8/15)             Temple (0/1) D:7
   Lair: D:8-11

Altars:
Ashenzari
Fedhas
Hepliaklqana
Kikubaaqudgha
Nemelex Xobeh
Okawaru
Ru
Trog
The Shining One

Annotations:
D:8 nikopol's ghost, novice HOBe


Message History

You slash nikopol's ghost!
Nikopol's ghost is almost destroyed.
Nikopol's ghost hits you but does no damage. x2
You miss nikopol's ghost.
Nikopol's ghost is almost destroyed.
Nikopol's ghost hits you but does no damage.
You hit nikopol's ghost.
Nikopol's ghost is almost destroyed.
Nikopol's ghost hits you but does no damage. x2
You barely miss nikopol's ghost.
Nikopol's ghost is almost destroyed.
Nikopol's ghost hits you!
* * * LOW HITPOINT WARNING * * *
Nikopol's ghost burns you.
* * * LOW HITPOINT WARNING * * *
You hit nikopol's ghost but do no damage.
Nikopol's ghost is almost destroyed.
Nikopol's ghost hits you but does no damage. x2
You fail to use your ability.
Nikopol's ghost hits you.
You die...

#.# #.# ... #.#
#.# # #.# #.#
### #.####....
..#
######.((...(.#
#.#
#...@W.รท(##.##
#.#
#.####.#......#
#.# #.#
#......#.# #.#
#.# ########
#<# #.# #.# #.#
#.# #.#
###[######.#
###.........)#


You could see nikopol's ghost.

Vanquished Creatures
  Grinder (D:3)
  Duvessa (D:5)
  A sky beast (D:6)
  3 orc warriors
  A necrophage (D:7)
  5 ogres
  A centaur (D:5)
  A bullfrog (D:6)
  Dowan (D:5)
  A scorpion (D:7)
  A howler monkey (D:5)
  2 crimson imps
  3 hounds
  A quasit (D:7)
  8 orc priests
  2 bullfrog skeletons
  A centaur skeleton (D:4)
  Jessica (D:3)
  Ijyb (D:2)
  7 orc wizards
  6 worker ants
  A hound zombie (D:6)
  6 gnolls
  9 adders
  2 oozes
  3 worms
  5 leopard geckos
  26 orcs
  7 bats
  3 giant cockroaches
  15 goblins
  5 hobgoblins
  17 jackals
  2 kobolds
  2 quokkas
  3 ball pythons
  A ball python skeleton (D:6)
  4 frilled lizards
  A leopard gecko skeleton (D:4)
  8 rats
169 creatures vanquished.

Notes
Turn   | Place    | Note
-------+----------+-------------------------------------------
     0 | D:1      | nikopol the Hill Orc Berserker began the quest for the Orb.
     0 | D:1      | Reached XP level 1. HP: 19/19 MP: 1/1
   359 | D:1      | Reached XP level 2. HP: 25/27 MP: 2/2
  1036 | D:2      | Reached XP level 3. HP: 33/33 MP: 3/3
  1379 | D:2      | Reached ** piety under Trog
  1632 | D:2      | Reached XP level 4. HP: 38/40 MP: 4/4
  1972 | D:2      | Noticed Ijyb
  2129 | D:2      | Killed Ijyb
  2129 | D:2      | Reached skill level 5 in Axes
  2129 | D:2      | Reached XP level 5. HP: 47/47 MP: 5/5
  2244 | D:3      | Noticed Jessica
  2251 | D:3      | Killed Jessica
  2429 | D:3      | Found a bloodstained altar of Trog.
  2467 | D:3      | Noticed Grinder
  2478 | D:3      | Killed Grinder
  2478 | D:3      | Reached skill level 5 in Fighting
  2478 | D:3      | Reached XP level 6. HP: 56/56 MP: 6/6
  2681 | D:3      | Reached skill level 6 in Axes
  3097 | D:4      | Found a shattered altar of Ashenzari.
  3203 | D:4      | Reached XP level 7. HP: 28/61 MP: 7/7
  3541 | D:4      | Reached *** piety under Trog
  4131 | D:4      | Found a sacrificial altar of Ru.
  4291 | D:4      | Reached skill level 5 in Armour
  4609 | D:5      | Entered Level 5 of the Dungeon
  4659 | D:5      | Reached skill level 7 in Axes
  4664 | D:5      | Reached XP level 8. HP: 12/70 MP: 8/8
  5534 | D:5      | Reached **** piety under Trog
  5612 | D:5      | Reached skill level 1 in Bows
  5852 | D:5      | Noticed Dowan
  5862 | D:5      | Killed Dowan
  5867 | D:5      | Noticed Duvessa
  5881 | D:5      | Killed Duvessa
  5881 | D:5      | Reached skill level 8 in Axes
  6551 | D:6      | Found an iron altar of Okawaru.
  6551 | D:6      | Found a blossoming altar of Fedhas.
  6553 | D:6      | Found a sparkling altar of Nemelex Xobeh.
  6611 | D:6      | Reached XP level 9. HP: 70/79 MP: 9/9
  6988 | D:6      | Found a faded altar of an unknown god.
  6988 | D:6      | Found a faded altar of an unknown god.
  6993 | D:6      | Found a faded altar of an unknown god.
  6995 | D:6      | Found a hazy altar of Hepliaklqana.
  6996 | D:6      | Found a faded altar of an unknown god.
  7260 | D:7      | Reached skill level 9 in Axes
  7321 | D:7      | Found a staircase to the Ecumenical Temple.
  7340 | D:7      | Found an ancient bone altar of Kikubaaqudgha.
  7882 | D:7      | Found a glowing golden altar of the Shining One.
  8101 | D:8      | Noticed nikopol's ghost (novice HOBe)
  8136 | D:8      | HP: 2/80 [nikopol's ghost (6)]
  8138 | D:8      | Slain by nikopol's ghost

Skill      XL: |  1  2  3  4  5  6  7  8  9 |
---------------+----------------------------+-----
Fighting       | 4 5 6 7 |  7.7
Armour         | 3 4 5 6 |  6.9
Dodging        | 2 3 4 |  4.9
Axes           | 5 6 7 8 9 |  9.5
Bows           | 2 3 |  3.8

Action                   |  1- 3 |  4- 6 |  7- 9 || total
-------------------------+-------+-------+-------++-------
Melee: Hand axe          |    98 |    98 |       ||   196
       War axe           |       |    16 |   319 ||   335
 Fire: Shortbow          |       |       |   123 ||   123
Invok: Berserk           |     2 |     2 |     6 ||    10
       Trog's Hand       |       |       |     1 ||     1
  Eat: Chunk             |     4 |     8 |    20 ||    32
Armor: Animal skin       |    22 |       |       ||    22
       Ring mail         |    15 |    40 |   116 ||   171
Dodge: Dodged            |    77 |    62 |   180 ||   319
